 Dungeon Crawl Stone Soup version 0.17.2-1-ge4368a0 (webtiles) character file.

108 Goblin1989 the Insei (level 4, -3/37 HPs)
             Began as a Demonspawn Monk on Mar 16, 2017.
             Slain by Grinder (6 damage)
             ... on level 3 of the Dungeon.
             The game lasted 00:03:52 (2080 turns).

Goblin1989 the Insei (Demonspawn Monk)              Turns: 2080, Time: 00:03:52

Health: -3/37      AC: 10    Str: 10 (12) XL:     4   Next: 58%
Magic:  4/4        EV:  9    Int: 12      God:
Gold:   83         SH:  0    Dex: 14      Spells: 0 memorised, 3 levels left

rFire  + . .     SeeInvis .       - Unarmed
rCold  + . .     Clarity  .     f - +0 scale mail
rNeg   . . .     SustAt   .     (no shield)
rPois  +         Gourm    .     (no helmet)
rElec  +         Spirit   .     (no cloak)
rCorr  +         Warding  .     (no gloves)
rMut   .         Stasis   .     (no boots)
MR     .....                    (no amulet)
Stlth  +.........               (no ring)
                                (no ring)

@: resistant, flying, not resistant to hostile enchantments, very unstealthy
A: talons 2, rough black scales 1
a: no special abilities


You were on level 3 of the Dungeon.
You were hungry.

You visited 1 branch of the dungeon, and saw 3 of its levels.

You collected 83 gold pieces.

Inventory:

Armour
 a - a +0 robe
 f - a +0 scale mail (worn)
Jewellery
 i - a +2 ring of protection {unknown}
Scrolls
 b - 7 scrolls of identify {unknown}
 c - a scroll of enchant weapon {unknown}
 h - 2 scrolls of fear {unknown}
 l - a scroll of immolation {unknown}
 m - a scroll of remove curse {unknown}
Potions
 d - a potion of flight
 j - a potion of resistance
Comestibles
 e - 2 bread rations {@e1}
 g - a meat ration {@e2}


   Skills:
 + Level 3.7 Fighting
 + Level 1.0 Armour
 - Level 2.6 Dodging
 - Level 1.7 Stealth
 * Level 4.9 Unarmed Combat


You had 3 spell levels left.
You didn't know any spells.

Dungeon Overview and Level Annotations

Branches:
Dungeon (3/15)

Altars:
Yredelemnul

Annotations:
D:3 Grinder


Innate Abilities, Weirdness & Mutations

You have razor-sharp toenails.
You are partially covered in rough black scales (AC +4, Dex -1).


Message History

Grinder shouts!
Health restored: 37 Drink which item? (? for menu, Esc to quit)
It was a potion of flight.
You feel very buoyant.
You fly up into the air.
Drink which item? (? for menu, Esc to quit)
You can't drink that!
Unknown command.
Eat which item? (? for menu, Esc to quit)
Okay, then.
Drink which item? (? for menu, Esc to quit)
It was a potion of degeneration.
There was something very wrong with that liquid.
You feel weakened.
Drink which item? (? for menu, Esc to quit)
It was a potion of resistance.
You feel protected. Grinder gestures at you.
You resist with significant effort.
Sorry, you're not good enough to have a special ability.
Unknown command.
Drink which item? (? for menu, Esc to quit)
It was a potion of curing.
You feel better.
Unknown command.
You hit Grinder.
Grinder is lightly wounded.
Grinder gestures at you. You resist with significant effort.
You hit Grinder. Your kick misses Grinder.
Grinder is moderately wounded.
Grinder hits you!
You writhe in agony.
You take 10 damage, and have 27/37 hp.
MASSIVE DAMAGE!!
You hit Grinder but do no damage.
Grinder is lightly wounded.
Grinder gestures at you. You resist with significant effort.
You completely miss Grinder.
Grinder is lightly wounded.
Grinder hits you but does no damage.
Your scale mail prevents you from hitting Grinder.
Your kick misses Grinder.
Grinder is lightly wounded.
Grinder hits you but does no damage.
Unknown command.
You hit Grinder. You claw Grinder, but do no damage.
Grinder is moderately wounded.
Grinder hits you.
You writhe in agony.
You take 7 damage, and have 20/37 hp.
You closely miss Grinder.
Grinder is moderately wounded.
Grinder hits you.
You writhe in agony.
* * * LOW HITPOINT WARNING * * *
You take 8 damage, and have 12/37 hp.
MASSIVE DAMAGE!!
You hit Grinder. You claw Grinder, but do no damage.
Grinder is heavily wounded.
Grinder gestures at you.
You suddenly lose the ability to move!
Grinder says, "Don't move a muscle."
Grinder hits you.
* * * LOW HITPOINT WARNING * * *
You writhe in agony.
* * * LOW HITPOINT WARNING * * *
Grinder hits you but does no damage.
Grinder says, "What is the universe for?"
Grinder hits you but does no damage. Grinder hits you.
* * * LOW HITPOINT WARNING * * *
You writhe in agony.
* * * LOW HITPOINT WARNING * * *
Grinder gestures at you. You resist with significant effort.
Grinder gestures at you. Pain shoots through your body!
* * * LOW HITPOINT WARNING * * *
You can move again.
You take 10 damage, and have 2/37 hp.
MASSIVE DAMAGE!!
You closely miss Grinder.
Grinder is heavily wounded.
Unknown command.
You hit Grinder. You claw Grinder, but do no damage.
Grinder is heavily wounded.
Grinder closely misses you.
Unknown command.
Drink which item? (? for menu, Esc to quit)
Okay, then.
You closely miss Grinder.
Grinder is heavily wounded.
Grinder hits you but does no damage.
You closely miss Grinder.
Grinder is heavily wounded.
Grinder gestures at you. You resist with significant effort.
You hit Grinder but do no damage. Your kick misses Grinder.
Grinder is heavily wounded.
Grinder hits you but does no damage.
Your scale mail prevents you from hitting Grinder.
Grinder is heavily wounded.
Grinder hits you.
You die...

.....█.█.█ █.█.█.█
.......█.█ █.█.█.█
....<███.█████.█.█.█
.................█.█
.........█████.███.█
....†..........███.██
...>................█
....█████████████████
███.............@.█
.████████████████5█
.. .█ ... .█ ... .█
... .█ ██ .█ .█


You could see Grinder.

Vanquished Creatures
  An orc priest (D:3)
  3 adders
  3 giant geckos
  4 orcs (D:3)
  3 bats
  5 giant cockroaches
  9 hobgoblins
  A kobold (D:2)
  3 giant newts
  3 goblins
  8 rats
43 creatures vanquished.

Notes
Turn   | Place    | Note
--------------------------------------------------------------
     0 | D:1      | Goblin1989 the Demonspawn Monk began the quest for the Orb.
     0 | D:1      | Reached XP level 1. HP: 18/18 MP: 1/1
   126 | D:1      | Reached skill level 4 in Unarmed Combat
   169 | D:1      | Gained mutation: You have sharp toenails. [demonic ancestry]
   169 | D:1      | Reached XP level 2. HP: 24/24 MP: 2/2
   750 | D:2      | Found a basalt altar of Yredelemnul.
   972 | D:2      | Gained mutation: You have razor-sharp toenails. [demonic ancestry]
   972 | D:2      | Reached XP level 3. HP: 27/29 MP: 3/3
  1593 | D:3      | Gained mutation: You are partially covered in rough black scales (AC +4, Dex -1). [demonic ancestry]
  1593 | D:3      | Reached XP level 4. HP: 21/35 MP: 4/4
  1708 | D:3      | Reached skill level 1 in Armour
  2056 | D:3      | Noticed Grinder
  2068 | D:3      | Paralysed by Grinder for 6 turns
  2080 | D:3      | Slain by Grinder

Action                   |  1- 3 |  4- 6 || total
-------------------------+-------+-------++-------
Melee: Unarmed           |   137 |    43 ||   180
  Use: Potion            |       |     4 ||     4
 Stab: Sleeping          |     3 |       ||     3
  Eat: Chunk             |     2 |     1 ||     3

Vault maps used:
D:1:      minmay_arrival_cross
D:2:      yredelemnul_altar_generic
D:3:      grunt_temple_overflow_growth_and_decay, makhleb_altar_promises_db,
          grunt_dithmenos_smoke, first_bread, uniq_grinder
